 Dungeon Crawl Stone Soup version 0.25-a0-589-g1e14c549ee (webtiles) character file.

Game seed: 7679540649700038070, levelgen mode: deterministic

67 KiliKikkendorf the Firebug (level 4, 0/33 HPs)
             Began as a Hill Orc Fire Elementalist on Mar 9, 2020.
             Slain by an adder (3 damage)
             ... on level 2 of the Dungeon.
             The game lasted 00:11:34 (2160 turns).

KiliKikkendorf the Firebug (HOFE)                   Turns: 2160, Time: 00:11:34

Health: 0/33       AC:  3    Str: 11    XL:     4   Next: 16%
Magic:  0/6        EV: 12    Int: 15    God:
Gold:   30         SH:  0    Dex: 11    Spells: 5/6 levels left

rFire    . . .     SeeInvis .   b - +0 hand axe
rCold    . . .     Gourm    .   (no shield)
rNeg     . . .     Faith    .   d - +0 robe
rPois    .         Spirit   .   (no helmet)
rElec    .         Reflect  .   (no cloak)
rCorr    .         Harm     .   (no gloves)
MR       .....                  (no boots)
Stlth    ++........             (no amulet)
HPRegen  0.11/turn              (no ring)
MPRegen  0.10/turn              (no ring)

@: lethally poisoned (0 -> -2)
A: shaggy fur 1, subdued magic 1
a: no special abilities


You were on level 2 of the Dungeon.
You were not hungry.

You visited 1 branch of the dungeon, and saw 2 of its levels.

You collected 30 gold pieces.

Inventory:

Hand Weapons
 b - a +0 hand axe (weapon)
Armour
 d - a +0 robe (worn)
Comestibles
 c - 2 rations


   Skills:
 + Level 0.1 Fighting
 * Level 1.2 Axes
 + Level 2.0 Dodging
 - Level 1.7 Stealth
 - Level 0.2 Unarmed Combat
 + Level 1.9 Spellcasting
 + Level 1.2 Conjurations
 * Level 4.3 Fire Magic


You had 5 spell levels left.
You knew the following spells:

 Your Spells              Type           Power        Failure   Level  Hunger
a - Foxfire               Conj/Fire      #...         5%          1    ##.....

Your spell library contained the following spells:

 Spells                   Type           Power        Failure   Level  Hunger
 Conjure Flame            Conj/Fire      #.......     19%         3    ####...
 Inner Flame              Hex/Fire       #.......     24%         3    ####...
 Sticky Flame             Conj/Fire      #.......     52%         4    #####..
 Fireball                 Conj/Fire      #.........   87%         5    ######.


Dungeon Overview and Level Annotations

Branches:
Dungeon (2/15)

Altars:


Innate Abilities, Weirdness & Mutations

You are covered in fur. (AC +1)
Your spells are a little easier to cast, but a little less powerful.


Message History

You are poisoned.
The adder poisons you!
Your foxfire dissipates!
* * * LOW HITPOINT WARNING * * *
You feel sick.
Casting: Foxfire (safe; 5% risk of failure)
Confirm with . or Enter, or press ? or * to list all spells.
You conjure some foxfire!
The adder barely misses you.
Your foxfire dissipates!
* * * LOW HITPOINT WARNING * * *
You feel sick. The adder barely misses you.
Casting: Foxfire (safe; 5% risk of failure)
Confirm with . or Enter, or press ? or * to list all spells.
You conjure some foxfire!
The adder bites you but does no damage.
Your foxfire dissipates!
The foxfire hits the adder.
The adder is heavily wounded.
* * * LOW HITPOINT WARNING * * *
You feel sick. The adder bites you.
You die...

####.#####.#.....
#.......##.#.##.#
#.##.#..........#
# #.#..##......#
#.....(.#...#
.####..##.#...#
#..............#
######.#######.#
#@# #.#
#S#######.#
#§g.......#
###########


You could see an adder and a goblin.

Vanquished Creatures
  An adder (D:2)
  An ooze (D:1)
  2 dart slugs
  2 leopard geckos (D:1)
  4 bats
  3 giant cockroaches
  6 goblins
  3 hobgoblins (D:1)
  10 jackals (D:1)
  2 kobolds
  2 frilled lizards
  7 rats (D:1)
  A fungus (D:1)
44 creatures vanquished.

Vanquished Creatures (others)
  67 foxfires
67 creatures vanquished.

Grand Total: 111 creatures vanquished

Notes
Turn   | Place    | Note
-------+----------+-------------------------------------------
     0 | D:1      | KiliKikkendorf the Hill Orc Fire Elementalist began the
                  | quest for the Orb.
     0 | D:1      | Reached XP level 1. HP: 14/14 MP: 3/3
   333 | D:1      | Reached XP level 2. HP: 20/20 MP: 1/4
   875 | D:1      | Reached skill level 4 in Fire Magic
   886 | D:1      | Reached XP level 3. HP: 26/26 MP: 0/5
  1582 | D:1      | Gained mutation: Your spells are a little easier to cast,
                  | but a little less powerful. [potion of mutation]
  1582 | D:1      | Gained mutation: You are covered in fur. (AC +1) [potion of
                  | mutation]
  1959 | D:1      | Reached skill level 1 in Axes
  2121 | D:2      | Reached XP level 4. HP: 21/33 MP: 6/6
  2160 | D:2      | Slain by an adder

Levels and vault maps discovered:
D:1:      dpeg_arrival_prison, layout_basic
D:2:      layout_loops_cross, first_ration

Skill      XL: |  1  2  3 |
---------------+----------+-----
Fire Magic     | 4 |  4.3
Dodging        | 2 |  2.0
Axes           | 1 |  1.2
Fighting       | |  0.1
Stealth        | |  1.7
Unarmed Combat | |  0.2
Spellcasting   | |  1.9
Conjurations   | |  1.2

Action                   |  1- 3 |  4- 6 || total
-------------------------+-------+-------++-------
Melee: Unarmed           |    66 |       ||    66
       Hand axe          |    76 |       ||    76
 Cast: Foxfire           |    49 |     8 ||    57
  Use: Scroll            |     3 |     1 ||     4
       Potion            |     3 |       ||     3
 Stab: Sleeping          |     3 |       ||     3
  Eat: Chunk             |     3 |       ||     3
       Ration            |     1 |       ||     1
Armor: Robe              |    27 |     1 ||    28
Dodge: Dodged            |    95 |    12 ||   107

Table legend:
 A = Non-vault XP
 B = Vault XP
 C = Vault XP percentage of total XP
 D = Non-vault monster count
 E = Vault monster count
 F = Vault count percentage of total count
                 A         B        C        D         E       F
            +---------+---------+-------+---------+---------+-------
      Total |      89 |       7 |   7.3 |      37 |       6 |  14.0
            +---------+---------+-------+---------+---------+-------
        D:1 |      59 |       7 |  10.6 |      28 |       6 |  17.6
        D:2 |      30 |       0 |   0.0 |       9 |       0 |   0.0
            +---------+---------+-------+---------+---------+-------
